 Dungeon Sprint DCSS version 0.21-a0-538-gd16b88a (webtiles) character file.

20015 Ghella the Ninja (level 12, -5/56 HPs)
             Began as a Spriggan Enchanter on Dec 15, 2017.
             Was the Champion of Dithmenos.
             Killed from afar by a rakshasa (26 damage)
             ... with an orb of energy
             ... in the Dungeon (Sprint IX: "|||||||||||||||||||||||||||||").
             The game lasted 00:25:04 (7689 turns).

Ghella the Ninja (Spriggan Enchanter)               Turns: 7689, Time: 00:25:05

Health: -5/56      AC:  4    Str:  7    XL:     12   Next: 41%
Magic:  34/34      EV: 27    Int: 17    God:    Dithmenos [******]
Gold:   1756       SH:  6    Dex: 24    Spells: 36/45 levels left

rFire    . . .     SeeInvis +   z - +3 dagger (venom)
rCold    . . .     Gourm    .   y - +0 buckler
rNeg     . . .     Faith    .   b - +0 robe
rPois    .         Spirit   .   (helmet restricted)
rElec    .         Reflect  .   D - +1 cloak
rCorr    .         Harm     .   (gloves unavailable)
MR       ++...     NoTele   +   (boots unavailable)
Stlth    ++++++++++             (no amulet)
HPRegen  0.18/turn              o - +3 ring of dexterity
MPRegen  0.24/turn              p - +3 ring of strength

@: wreathed by umbra, very quick
A: very small, unfitting armour, see invisible, herbivore 3, speed 3, slow
metabolism 2
a: Shadow Step, Shadow Form, Renounce Religion


You were in the Dungeon.
You worshipped Dithmenos.
Dithmenos was exalted by your worship.
You were not hungry.

You visited 1 branch You collected 1914 gold pieces.
You spent 158 gold pieces at shops.

Inventory:

Hand Weapons
 a - a +1 dagger
 d - a +0 club
 z - a +3 dagger of venom (weapon)
Armour
 b - a +0 robe (worn)
 n - +1 fire dragon scales
 y - a +0 buckler (worn)
 D - a +1 cloak (worn)
 E - +0 swamp dragon scales
 F - +0 acid dragon scales
Jewellery
 o - a +3 ring of dexterity (left hand)
 p - a +3 ring of strength (right hand)
 A - an uncursed ring of protection from fire
 B - an uncursed ring of fire
 C - an uncursed ring of protection from fire
Scrolls
 j - a scroll of blinking
 k - 3 scrolls of remove curse
 l - 2 scrolls of amnesia
 m - 3 scrolls of identify
 s - a scroll of magic mapping
 t - 2 scrolls of fog
 u - 8 scrolls of enchant armour
 v - a scroll of fear
 H - 2 scrolls of enchant weapon
Potions
 e - 8 potions of curing
 f - 5 potions of heal wounds
 g - a potion of haste
 h - 4 potions of magic
 i - a potion of invisibility
 q - 2 potions of might
 r - 3 potions of berserk rage
 G - a potion of agility
Books
 c - a book of Maledictions

   Spells                             Type                      Level
   a - Corona                         Hexes                        1
   b - Ensorcelled Hibernation        Hexes/Ice                    2
   c - Confuse                        Hexes                        3
   d - Tukima's Dance                 Hexes                        3
   e - Dazzling Spray                 Conjuration/Hexes            3
Comestibles
 w - 40 fruits
 x - 12 bread rations


   Skills:
 + Level 2.5 Fighting
 + Level 8.0 Short Blades
 + Level 9.4 Dodging
 O Level 27 Stealth
 + Level 17.0 Spellcasting
 + Level 0.4 Conjurations
 + Level 17.5 Hexes
 + Level 7.8 Ice Magic
 + Level 3.5 Invocations
   Level 2.6 Evocations


You had 36 spell levels left.
You knew the following spells:

 Your Spells              Type           Power        Failure   Level  Hunger
a - Corona                Hex            ######.      0%          1    None
b - Ensorcelled Hibernat  Hex/Ice        ######       1%          2    None
c - Confuse               Hex            ######..     0%          3    None
d - Dazzling Spray        Conj/Hex       #####.       1%          3    None


Dungeon Overview and Level Annotations

Branches:
Dungeon (1/1)

Altars:
Cheibriados
Dithmenos
Elyvilon
Fedhas
Gozag
Hepliaklqana
Kikubaaqudgha
Makhleb
Nemelex Xobeh
Okawaru
Qazlal
Ru
Sif Muna
Trog
Uskayaw
Vehumet
Wu Jian
Xom
Yredelemnul
Zin
The Shining One
Beogh
Jiyva
Lugonu

Shops:
D ([(}


Innate Abilities, Weirdness & Mutations

You are very small and have problems with some larger weapons.
You are too small for most types of armour.
You have supernaturally acute eyesight. (SInv)
You are a herbivore.
You cover ground extremely quickly.
You need consume almost no food.


Message History

You see here a +2 scale mail of cold resistance.
You see here a +1 longbow.
Things that are here:
a giant club x2; a +0 executioner's axe You see here a +3 broad axe.
You see here a +1 spear of freezing.
You see here a +1 double sword.
The rakshasa blinks!
Things that are here:
a +1 giant spiked club; a bullfrog skeleton You see here a +1 demon blade of freezing.
You see here a +1 giant spiked club.
Things that are here:
a long sword; an elf skeleton The rakshasa gestures at you.
You block the orb of energy.
You see here an uncursed ring of see invisible.
The rakshasa gestures at you. The orb of energy hits you!
You die...

▓▓▓▓▓▓▓▓▓▓▓▓▓▓▓▓▓▓▓▓▓▓▓▓▓▓▓▓
[.§.))))))R))=..@'.....(...▓
▓▓▓▓▓▓▓▓▓▓▓▓▓▓▓▓▓▓▓▓▓▓▓▓▓▓.▓
...........................▓
▓▓▓▓▓▓▓▓▓▓▓▓▓▓▓▓▓▓▓▓▓▓▓▓▓▓▓▓
.......)..)))))....)..)....▓
▓▓▓▓▓▓▓▓▓▓▓▓▓▓▓▓▓▓▓▓▓▓▓▓▓▓.▓
...............))..........▓
▓▓▓▓▓▓▓▓▓▓▓▓▓▓▓▓▓▓▓▓▓▓▓▓▓▓▓▓
.....'....÷%|......'.......▓


You could see a rakshasa.

Vanquished Creatures
  A great orb of eyes (D)
  An ice dragon (D)
  Harold (D)
  2 two-headed ogres (D)
  6 death yaks (D)
  A deep elf mage (D)
  9 orc knights (D)
  An ugly thing (D)
  A cyclops (D)
  3 black mambas (D)
  4 spiny frogs (D)
  A gargoyle (D)
  A rime drake (D)
  A komodo dragon (D)
  A kobold demonologist (D)
  A yaktaur (D)
  A blink frog (shapeshifter) (D)
  A hornet (D)
  A blink frog (D)
  2 hippogriffs (D)
  3 yaks (D)
  2 hungry ghosts (D)
  3 water moccasins (D)
  20 orc warriors (D)
  An ice beast (D)
  An ogre (D)
  A wolf (D)
  A centaur (D)
  2 crocodiles (D)
  3 bullfrogs (D)
  A crimson imp (D)
  A hound (D)
  3 orc priests (D)
  2 orc wizards (D)
  A shadow imp (D)
  5 orcs (D)
  A bat (D)
  2 giant cockroaches (D)
  A hobgoblin (D)
  A jackal (D)
  A frilled lizard (D)
  A giant cockroach zombie (D)
  2 rats (D)
99 creatures vanquished.

Notes
Turn   | Place    | Note
-------+----------+-------------------------------------------
     0 | D        | Ghella the Spriggan Enchanter began the quest for the Orb.
     0 | D        | Reached XP level 1. HP: 9/9 MP: 5/5
    19 | D        | Reached skill level 5 in Stealth
   155 | D        | Noticed a crimson imp
   157 | D        | Reached skill level 6 in Stealth
   174 | D        | Reached XP level 2. HP: 5/13 MP: 6/6
   179 | D        | Killed a crimson imp
   179 | D        | Reached skill level 8 in Stealth
   179 | D        | Reached skill level 5 in Hexes
   179 | D        | Reached XP level 3. HP: 7/17 MP: 7/9
   396 | D        | Learned a level 2 spell: Ensorcelled Hibernation
   400 | D        | Learned a level 3 spell: Confuse
   405 | D        | Found a roughly hewn altar of Beogh.
   405 | D        | Found a snail-covered altar of Cheibriados.
   405 | D        | Found a shadowy altar of Dithmenos.
   405 | D        | Found a white marble altar of Elyvilon.
   405 | D        | Found a blossoming altar of Fedhas.
   405 | D        | Found an opulent altar of Gozag.
   406 | D        | Found a hazy altar of Hepliaklqana.
   407 | D        | Found a viscous altar of Jiyva.
   408 | D        | Found an ancient bone altar of Kikubaaqudgha.
   409 | D        | Found a corrupted altar of Lugonu.
   410 | D        | Found a burning altar of Makhleb.
   412 | D        | Became a worshipper of Dithmenos the Shadowed
   414 | D        | Found a sparkling altar of Nemelex Xobeh.
   415 | D        | Found an iron altar of Okawaru.
   416 | D        | Found a stormy altar of Qazlal.
   417 | D        | Found a sacrificial altar of Ru.
   418 | D        | Found a deep blue altar of Sif Muna.
   419 | D        | Found a bloodstained altar of Trog.
   420 | D        | Found a hide-covered altar of Uskayaw.
   421 | D        | Found a radiant altar of Vehumet.
   422 | D        | Found an ornate altar of the Wu Jian Council.
   423 | D        | Found a shimmering altar of Xom.
   424 | D        | Found a basalt altar of Yredelemnul.
   425 | D        | Found a glowing silver altar of Zin.
   426 | D        | Found a glowing golden altar of the Shining One.
   458 | D        | Noticed a hungry ghost
   458 | D        | Noticed a hungry ghost
   458 | D        | Noticed a hornet
   458 | D        | Noticed an ogre
   460 | D        | Killed an ogre
   460 | D        | Reached skill level 5 in Dodging
   460 | D        | Reached skill level 11 in Stealth
   460 | D        | Reached XP level 4. HP: 21/21 MP: 11/11
   462 | D        | Reached XP level 5. HP: 25/25 MP: 12/12
   464 | D        | Killed a hornet
   464 | D        | Reached * piety under Dithmenos
   464 | D        | Reached skill level 1 in Fighting
   464 | D        | Reached skill level 14 in Stealth
   464 | D        | Reached skill level 5 in Spellcasting
   464 | D        | Reached XP level 6. HP: 30/30 MP: 13/15
   469 | D        | Killed a hungry ghost
   469 | D        | Reached skill level 15 in Stealth
   550 | D        | Killed a hungry ghost
   550 | D        | Reached ** piety under Dithmenos
   550 | D        | Reached skill level 5 in Short Blades
   550 | D        | Reached skill level 16 in Stealth
   550 | D        | Reached XP level 7. HP: 34/34 MP: 7/17
   708 | D        | Noticed a kobold demonologist
   708 | D        | Noticed a gargoyle
  1004 | D        | Reached skill level 1 in Ice Magic
  1022 | D        | Killed a gargoyle
  1022 | D        | Reached *** piety under Dithmenos
  1022 | D        | Reached skill level 17 in Stealth
  1022 | D        | Reached skill level 10 in Hexes
  1022 | D        | Reached XP level 8. HP: 38/38 MP: 12/21
  1030 | D        | Noticed a rust devil
  1110 | D        | Killed a kobold demonologist
  1430 | D        | Noticed a blink frog
  1430 | D        | Noticed a spiny frog
  1430 | D        | Noticed a hippogriff
  1430 | D        | Noticed a spiny frog
  1432 | D        | Killed a spiny frog
  1432 | D        | Reached skill level 18 in Stealth
  1434 | D        | Killed a hippogriff
  1435 | D        | Noticed a rime drake
  1460 | D        | Killed a blink frog
  1460 | D        | Reached skill level 10 in Spellcasting
  1460 | D        | Reached XP level 9. HP: 42/42 MP: 11/24
  1463 | D        | Killed a spiny frog
  1463 | D        | Reached skill level 19 in Stealth
  1463 | D        | Reached skill level 1 in Invocations
  1484 | D        | Reached **** piety under Dithmenos
  1631 | D        | Killed a rime drake
  1631 | D        | Reached skill level 20 in Stealth
  1748 | D        | Noticed a spiny frog
  1748 | D        | Noticed a black mamba
  1748 | D        | Noticed a komodo dragon
  1748 | D        | Noticed a spiny frog
  1748 | D        | Noticed a black mamba
  1750 | D        | Killed a black mamba
  1776 | D        | Reached ***** piety under Dithmenos
  1783 | D        | Killed a spiny frog
  1783 | D        | Reached skill level 5 in Ice Magic
  1798 | D        | Killed a komodo dragon
  1798 | D        | Reached skill level 21 in Stealth
  1798 | D        | Reached XP level 10. HP: 45/46 MP: 20/26
  1831 | D        | Killed a black mamba
  1836 | D        | Noticed a black mamba
  1836 | D        | Killed a spiny frog
  1879 | D        | Killed a black mamba
  1879 | D        | Reached skill level 22 in Stealth
  2041 | D        | Noticed a death yak
  2041 | D        | Noticed a death yak
  2041 | D        | Noticed a death yak
  2041 | D        | Noticed a death yak
  2528 | D        | Learned a level 3 spell: Dazzling Spray
  2577 | D        | Noticed a death yak
  2789 | D        | Noticed a death yak
  2791 | D        | Killed a death yak
  2875 | D        | Killed a death yak
  2875 | D        | Reached ****** piety under Dithmenos
  2875 | D        | Reached skill level 1 in Evocations
  3256 | D        | Killed a death yak
  3654 | D        | Killed a death yak
  3654 | D        | Reached skill level 15 in Hexes
  4639 | D        | Killed a death yak
  4639 | D        | Reached XP level 11. HP: 50/50 MP: 25/30
  5543 | D        | Killed a death yak
  5543 | D        | Reached skill level 23 in Stealth
  5874 | D        | Noticed Harold
  5876 | D        | Killed Harold
  5876 | D        | Reached skill level 15 in Spellcasting
  5912 | D        | Noticed an orc knight
  6054 | D        | Killed an orc knight
  6085 | D        | Reached skill level 24 in Stealth
  6370 | D        | Noticed an orc knight
  6370 | D        | Noticed an orc knight
  6376 | D        | Killed an orc knight
  6379 | D        | Noticed an orc knight
  6380 | D        | Killed an orc knight
  6444 | D        | Killed an orc knight
  6444 | D        | Reached skill level 25 in Stealth
  6488 | D        | Found Wemus's Gadget Boutique.
  6488 | D        | Noticed an orc knight
  6488 | D        | Noticed an orc knight
  6489 | D        | Noticed an orc knight
  6491 | D        | Found Teiss's Antique Weapon Shop.
  6492 | D        | Killed an orc knight
  6495 | D        | Found Ledwe's Armour Boutique.
  6498 | D        | Killed an orc knight
  6499 | D        | Noticed an orc knight
  6499 | D        | Found Gohurys's Antique Weapon Shop.
  6500 | D        | Killed an orc knight
  6500 | D        | Reached skill level 26 in Stealth
  6501 | D        | Noticed an orc knight
  6594 | D        | Killed an orc knight
  6727 | D        | Killed an orc knight
  6727 | D        | Reached XP level 12. HP: 54/54 MP: 26/32
  6885 | D        | Bought a +0 buckler for 63 gold pieces
  6896 | D        | Bought a runed dagger for 95 gold pieces
  7100 | D        | Noticed a two-headed ogre
  7103 | D        | Noticed a two-headed ogre
  7105 | D        | Noticed an ice dragon
  7106 | D        | Killed a two-headed ogre
  7106 | D        | Reached skill level 27 in Stealth
  7408 | D        | Killed a two-headed ogre
  7428 | D        | Noticed a great orb of eyes
  7435 | D        | Killed an ice dragon
  7455 | D        | Killed a great orb of eyes
  7557 | D        | Noticed a rakshasa
  7568 | D        | Noticed a deep troll shaman
  7689 | D        | Killed from afar by a rakshasa

Vault maps used:
D:        linesprint

Skill      XL: |  1  2  3  4  5  6  7  8  9 10 11 12 |
---------------+-------------------------------------+-----
Hexes          | 4 5 6 8 9 10 12 13 15 16 17 | 17.5
Stealth        | 6 8 11 14 16 17 18 21 22 26 27 | 27.0
Short Blades   | 2 3 4 5 6 7 8 |  8.0
Dodging        | 4 5 7 8 9 |  9.4
Spellcasting   | 3 4 5 6 8 10 11 14 15 17 | 17.0
Fighting       | 1 2 |  2.5
Ice Magic      | 2 3 5 6 7 |  7.8
Invocations    | 1 3 |  3.5
Evocations     | 2 |  2.6
Conjurations   | |  0.4

Action                   |  1- 3 |  4- 6 |  7- 9 | 10-12 || total
-------------------------+-------+-------+-------+-------++-------
Melee: Dagger            |    44 |     9 |    40 |   141 ||   234
 Cast: Ensorcelled Hiber |       |     3 |    31 |    50 ||    84
       Confuse           |       |     3 |     9 |    90 ||   102
       Dazzling Spray    |       |       |       |     8 ||     8
Invok: Shadow Step       |       |       |     3 |    19 ||    22
Evoke: Wand              |       |       |       |    10 ||    10
  Use: Potion            |     1 |       |       |       ||     1
       Scroll            |       |       |       |     1 ||     1
 Stab: Sleeping          |     2 |     3 |    14 |    54 ||    73
       Confused          |       |     3 |     2 |    13 ||    18
       Distracted        |       |       |     1 |     3 ||     4
  Eat: Bread ration      |       |       |     1 |       ||     1
Armor: Robe              |     6 |     1 |     2 |     2 ||    11
Dodge: Dodged            |    33 |     5 |    29 |    44 ||   111
Block: Buckler           |       |       |       |     3 ||     3

Table legend:
 A = Spawn XP
 B = Non-spawn XP
 C = Spawn XP percentage of total XP
 D = Spawn monster count
 E = Non-spawn monster count
 F = Spawn count percentage of total count
 G = Total turns spent on level
                    A         B        C        D         E        F      G
               +---------+---------+-------+---------+---------+-------+---------
         Total |       0 |   28593 |   0.0 |       0 |      99 |   0.0 |  7689
               +---------+---------+-------+---------+---------+-------+---------
             D |       0 |   28593 |   0.0 |       0 |      99 |   0.0 |  7689
               +---------+---------+-------+---------+---------+-------+---------
